 Dungeon Crawl Stone Soup version bcrawl-1.37.2 (webtiles) character file.

Game seed: 10840742530016400193

178413 Mehrunes the Conjurer (level 8, -1/59 HPs)
             Began as a Mummy Wizard on Nov 4, 2022.
             Was an Initiate of Sif Muna.
             Slain by a bullfrog (5 damage)
             ... on level 6 of the Dungeon.
             The game lasted 00:12:13 (7135 turns).

Mehrunes the Conjurer (Mummy Wizard)                Turns: 7135, Time: 00:12:14

Health: -1/59      AC:  2    Str: 10    XL:     8   Next: 32%
Magic:  3/15       EV: 13    Int: 19    God:    Sif Muna [......]
Gold:   429        SH:  0    Dex: 11    Spells: 8/17 levels left

rFire    x . .     GDR:     23% w - +0 halberd
rCold    + . .     SeeInvis .   (shield currently unavailable)
rNeg     + + +     Gourm    .   b - +0 robe
rPois    ∞         Faith    .   c - +0 hat
rElec    .         Spirit   .   (no cloak)
rCorr    .         Reflect  .   (no gloves)
MR       +....     Clarity  +   (no boots)
Stlth    ++........             (no amulet)
HPRegen  0.19/turn              (no ring)
MPRegen  0.14/turn              (no ring)

@: very slightly contaminated
A: no food or potions, fire vulnerability, clarity, cold resistance 1, negative
energy resistance 3, torment resistance, unbreathing, strong hexes 1
a: Divine Energy, Renounce Religion


You were on level 6 of the Dungeon.
You worshipped Sif Muna.
Sif Muna was noncommittal.
You were not hungry.

You visited 1 branch of the dungeon, and saw 6 of its levels.

You collected 429 gold pieces.

Inventory:

Hand Weapons
 a - a +0 staff
 d - a +1 dagger of draining
 w - a +0 halberd (weapon)
Missiles
 s - 88 poisoned tomahawks (quivered)
Armour
 b - a +0 robe (worn)
 c - a +0 hat (worn)
 e - a cursed -1 pair of gloves
Jewellery
 f - an uncursed ring of attention
 h - an uncursed ring of fire
 u - a cursed amulet of the gourmand {unknown}
 v - the cursed ring "Biharhio" {Ice *Slow Str+10 Int+10, unknown}
   (You found it on level 5 of the Dungeon)

   [ring of ice]

   It enhances your ice magic.
   It affects your strength (+10).
   It affects your intelligence (+10).
   It makes you vulnerable to fire.
   It protects you from cold.
   It may slow you when you take damage.
   It has a curse placed upon it.
Scrolls
 g - 4 scrolls of noise
 i - 5 scrolls of identify
 j - a scroll of fear {unknown}
 k - a scroll of enchant weapon {unknown}
 l - 2 scrolls of teleportation {unknown}
 m - a scroll of magic mapping {unknown}
 n - 4 scrolls of remove curse
 p - a scroll of amnesia {unknown}
 q - a scroll of enchant armour {unknown}
 r - 2 scrolls of immolation {unknown}
 t - a scroll of blinking {unknown}


   Skills:
 + Level 3.6 Fighting
 + Level 3.0 Polearms
 + Level 3.6 Dodging
 - Level 2.1 Stealth
 - Level 5.0 Spellcasting
 + Level 5.3 Conjurations
   Level 0.7 Summonings
 - Level 0.7 Translocations
 - Level 2.0 Fire Magic


You had 8 spell levels left.
You knew the following spells:

 Your Spells              Type           Power        Failure   Level  Hunger
a - Magic Dart            Conj           ####         1%          1    N/A
b - Conjure Flame         Conj/Fire      ###.....     9%          3    N/A
c - Mephitic Cloud        Conj/Pois/Air  ##......     19%         3    N/A
d - Blink                 Tloc           N/A          14%         2    N/A

Your spell library contained the following spells:

 Spells                   Type           Power        Failure   Level  Hunger
 Call Imp                 Summ           #.....       14%         2    N/A
 Spider Form              Tmut/Pois      Unusable     N/A         3    N/A

Dungeon Overview and Level Annotations

Branches:
Dungeon (6/12)
 Temple: D:4-7

Altars:
Cheibriados
Hepliaklqana
Lugonu
Sif Muna
Trog
Yredelemnul

Annotations:
D:5 exclusions: 2 wights and 13 more exclusions


Innate Abilities, Weirdness & Mutations

You do not eat or drink.
Your flesh is vulnerable to fire.
You are immune to poison.
You possess an exceptional clarity of mind.
Your flesh is cold resistant. (rC+)
You are immune to negative energy. (rN+++)
You are immune to unholy pain and torment.
You can survive without breathing.
Your hexes are more powerful.


Message History

You closely miss the bullfrog.
The bullfrog is lightly wounded.
The bullfrog is engulfed in noxious fumes.
The bullfrog appears confused.
The bullfrog is engulfed in noxious fumes.
The bullfrog appears confused.
The bullfrog hits you!
You slash the bullfrog!
The bullfrog is severely wounded.
The bullfrog is engulfed in noxious fumes.
The bullfrog appears confused.
The bullfrog hits you.
* * * LOW HITPOINT WARNING * * *
The crimson imp spits at you.
The bullfrog is engulfed in noxious fumes.
The bullfrog hits you!
* * * LOW HITPOINT WARNING * * *
You hit the bullfrog.
The bullfrog is almost dead.
The bullfrog is engulfed in noxious fumes.
The bullfrog appears confused.
The bullfrog hits you.
You die...

#.#####
####.####.####.#
......
.............§.#
.....#
####..#.###.#
.....# ##...#
#.# .H... #c###
#.# ... #5# #.#
#†# #s# #.# #<#
#F# #.#
#.......# #@#
#.# .##.##.##
#.# #.# # .# #.#
#.# .# ..# #.#
H# #.## #.## .#
#. #.%# .# #.
##)# #. #.# #.
#)#


You could see a bullfrog (confused), a centaur, a scorpion and a crimson imp.

Vanquished Creatures
  5 sky beasts
  A phantom (D:4)
  2 scorpions (D:5)
  4 wights
  A howler monkey (D:5)
  4 orc priests
  A crimson imp (D:4)
  2 hounds
  A worker ant (D:5)
  A hound skeleton (D:5)
  4 gnolls (D:6)
  2 adders
  An ooze (D:5)
  2 adder zombies (D:5)
  3 adder skeletons (D:4)
  2 worms
  A dart slug (D:3)
  4 leopard geckos
  17 orcs
  6 bats
  3 giant cockroaches
  7 goblins
  10 hobgoblins
  4 jackals
  9 kobolds
  3 quokkas
  5 frilled lizards
  A jackal skeleton (D:5)
  4 rats
110 creatures vanquished.

Notes
Turn   | Place    | Note
-------+----------+-------------------------------------------
     0 | D:1      | Mehrunes the Mummy Wizard began the quest for the Orb.
     0 | D:1      | Reached XP level 1. HP: 13/13 MP: 5/5
    51 | D:1      | Reached skill level 1 in Conjurations
   582 | D:1      | Reached XP level 2. HP: 19/19 MP: 7/7
  1546 | D:2      | Reached XP level 3. HP: 24/24 MP: 2/8
  1866 | D:2      | Learned a level 3 spell: Conjure Flame
  1870 | D:2      | Learned a level 3 spell: Mephitic Cloud
  2156 | D:3      | Found a snail-covered altar of Cheibriados.
  2212 | D:3      | Reached XP level 4. HP: 15/30 MP: 3/10
  2789 | D:3      | Found a basalt altar of Yredelemnul.
  2813 | D:3      | Found a glowing golden altar of the Shining One.
  2847 | D:3      | Found a corrupted altar of Lugonu.
  2854 | D:3      | Reached XP level 5. HP: 31/35 MP: 8/11
  3520 | D:4      | Found a bloodstained altar of Trog.
  3532 | D:4      | Noticed a sky beast
  3546 | D:3      | Found a hazy altar of Hepliaklqana.
  3615 | D:4      | Noticed a sky beast
  3825 | D:4      | Killed a sky beast
  3826 | D:4      | Reached skill level 1 in Fire Magic
  3900 | D:4      | Reached XP level 6. HP: 30/42 MP: 3/12
  3948 | D:4      | Reached skill level 1 in Fighting
  3996 | D:4      | Killed a sky beast
  3997 | D:4      | Reached skill level 1 in Polearms
  4275 | D:4      | Reached XP level 7. HP: 46/48 MP: 10/14
  5001 | D:5      | Entered Level 5 of the Dungeon
  5414 | D:5      | Reached skill level 5 in Spellcasting
  5557 | D:5      | Found a shimmering blue altar of Sif Muna.
  5626 | D:5      | Became a worshipper of Sif Muna the Loreminder
  5798 | D:5      | Learned a level 2 spell: Blink
  5838 | D:5      | Got a pitted lead ring
  6249 | D:6      | Noticed a hippogriff
  6291 | D:5      | Reached skill level 5 in Conjurations
  6394 | D:6      | Noticed a hippogriff
  6397 | D:6      | Noticed a hippogriff
  6483 | D:5      | Reached XP level 8. HP: 33/58 MP: 9/15
  7120 | D:6      | Found a glowing silver altar of Zin.
  7135 | D:6      | Slain by a bullfrog

Skill      XL: |  1  2  3  4  5  6  7  8 |
---------------+-------------------------+-----
Conjurations   | 1 2 3 4 5 |  5.3
Fire Magic     | 1 2 |  2.0
Fighting       | 1 3 |  3.6
Polearms       | 1 2 3 |  3.0
Dodging        | 2 3 |  3.6
Spellcasting   | 5 |  5.0
Stealth        | |  2.1
Summonings     | |  0.7
Translocations | |  0.7

Action                   |  1- 3 |  4- 6 |  7- 9 || total
-------------------------+-------+-------+-------++-------
Melee: Dagger            |    15 |    10 |       ||    25
       Trident           |       |    45 |   158 ||   203
       Halberd           |       |       |     6 ||     6
 Cast: Magic Dart        |    70 |   104 |   113 ||   287
       Conjure Flame     |       |    10 |     8 ||    18
       Mephitic Cloud    |       |       |     6 ||     6
       Blink             |       |       |     5 ||     5
  Use: Scroll            |     2 |       |       ||     2
 Stab: Sleeping          |     2 |     1 |       ||     3
Armor: Robe              |     3 |     4 |    19 ||    26
Dodge: Dodged            |    18 |    28 |   116 ||   162
